 Dungeon Crawl Stone Soup version 0.31.0-9-g3a7656b989 (webtiles) character file.

Game seed: 8224019710621990405

2615 Killerpretzel the Covert (level 9, -14/39 HPs)
             Began as a Felid Summoner on Jan 31, 2024.
             Was an Initiate of Gozag.
             Demolished by a two-headed ogre
             ... wielding a +0 giant spiked club
              (28 damage)
             ... on level 7 of the Dungeon.
             The game lasted 00:43:52 (9040 turns).

Killerpretzel the Covert (Felid Summoner)           Turns: 9040, Time: 00:43:53

Health: -14/39     AC:  2    Str:  4    XL:     9   Next: 34%
Magic:  18/29      EV: 23    Int: 22    God:    Gozag
Gold:   552        SH:  0    Dex: 18    Spells: 15/21 levels left
                                        Lives:  0   Deaths: 3

rFire   . . .        (weapon unavailable)
rCold   + . .        (shield unavailable)
rNeg    . . .        (body armour unavailable)
rPois   .            (helmet unavailable)
rElec   .            (cloak unavailable)
rCorr   .            (gloves unavailable)
SInv    +            (boots unavailable)
Will    +....        (no amulet)
Stlth   ++++         r - ring of magical power
HPRegen 0.26/turn    p - ring of protection from cold
MPRegen 0.21/turn

%: no passive effects
@: unable to call your familiar, studying Ice Magic
A: very small, claws 1, fangs 3, see invisible, shaggy fur 2, stealthy paws, no
weapons or thrown items, no armour, multi-lived
a: Renounce Religion, Potion Petition, Call Merchant, Bribe Branch


You were on level 7 of the Dungeon.
You worshipped Gozag.
Gozag was pleased with you.
You visited 1 branch of the dungeon, and saw 7 of its levels.

You collected 998 gold pieces.
You paid 446 gold pieces to Gozag.

Inventory:

Jewellery
 p - a ring of protection from cold (right paw)
 r - a ring of magical power (left paw)
Wands
 f - a wand of paralysis (14)
 q - a wand of polymorph (16)
Scrolls
 e - 2 scrolls of identify
 i - 3 scrolls of immolation
 o - 2 scrolls of teleportation
Potions
 a - 4 potions of magic
 b - a potion of heal wounds
 c - a potion of enlightenment {unknown}
 d - 3 potions of curing {unknown}
 g - a potion of lignification {unknown}
 j - a potion of mutation {unknown}
 k - a potion of haste {unknown}
 l - 2 potions of might {unknown}
 m - a potion of brilliance {unknown}
 n - a potion of attraction {unknown}


   Skills:
 + Level 8.4 Dodging
 + Level 9.1 Stealth
 * Level 6.8 Spellcasting
 + Level 7.3 Summonings


You had 15 spell levels left.
You knew the following spells:

 Your Spells              Type           Power      Damage    Failure   Level
a - Summon Small Mammal   Summ           100%       N/A       1%          1
b - Call Imp              Summ           78%        N/A       1%          2
c - Call Canine Familiar  Summ           39%        N/A       1%          3

Your spell library contained the following spells:

 Spells                   Type           Power      Damage    Failure   Level
 Summon Ice Beast         Ice/Summ       23%        N/A       5%          3
 Sandblast                Erth           14%        2d6       9%          1
 Summon Blazeheart Golem  Fire/Summ      23%        N/A       19%         4
 Summon Lightning Spire   Summ/Air       23%        N/A       19%         4
 Hailstorm                Conj/Ice       7%         3d5       26%         3
 Passwall                 Erth           7%         N/A       26%         3
 Stone Arrow              Conj/Erth      14%        3d7       26%         3
 Brom's Barrelling Bould  Conj/Erth      7%         2d3       63%         4
 Sculpt Simulacrum        Ice/Alch       3%         N/A       100%        6


Dungeon Overview and Level Annotations

Branches:
Dungeon (7/15)             Temple (0/1) D:4

Altars:
Ashenzari
Gozag
Trog
Wu Jian
Xom

Shops:
D:6 *

Annotations:
D:5 1 runed translucent door, exclusions: door and downstairs, Crazy Yiuf
D:6 exclusion: downstairs


Innate Abilities, Weirdness & Mutations

You have sharp claws.
You have razor-sharp teeth.
You have supernaturally acute eyesight. (SInv)
You are covered in thick fur. (AC +2)
Your paws help you pounce on unaware monsters.
You are incapable of wielding weapons or throwing items.
You cannot wear armour.
You gain extra lives every three experience levels.


Message History

The two-headed ogre hits your quokka with a +0 giant spiked club.
The two-headed ogre barely misses your quokka.
Your cerulean imp hits the two-headed ogre with a -1 spear.
Your quokka completely misses the two-headed ogre.
Your quokka bites the two-headed ogre but does no damage.
Your quokka barely misses the two-headed ogre.
Your cerulean imp hits the two-headed ogre with a -1 spear.
Your quokka bites the two-headed ogre.
The two-headed ogre hits your cerulean imp with a +0 giant spiked club!!
Your cerulean imp dies!
Your cerulean imp disappears in a puff of smoke!
The two-headed ogre shouts in stereo!
Your quokka completely misses the two-headed ogre.
Your quokka barely misses the two-headed ogre.
Your quokka bites the two-headed ogre.
The two-headed ogre barely misses your quokka.
The two-headed ogre hits your quokka with a +0 giant club!
Your quokka dies!
Your quokka's corpse disappears in a puff of smoke!
Your quokka closely misses the two-headed ogre.
Your quokka bites the two-headed ogre.
Casting: Summon Small Mammal (safe; 1% risk of failure)
Confirm with . or Enter, or press ? or * to list all spells.
A tiny devil pulls itself out of the air.
Your quokka bites the two-headed ogre.
Casting: Call Imp (safe; 1% risk of failure)
Confirm with . or Enter, or press ? or * to list all spells.
Your quokka bites the two-headed ogre but does no damage.
The two-headed ogre completely misses you.
The two-headed ogre hits you with a +0 giant club!!
Ouch! That really hurt!
Your cerulean imp hits the two-headed ogre from afar with a -1 spear.
Casting: Summon Small Mammal (safe; 1% risk of failure)
Confirm with . or Enter, or press ? or * to list all spells.
Your quokka disappears in a puff of smoke!
The two-headed ogre hits you with a +0 giant spiked club.
The two-headed ogre hits you with a +0 giant club!!
Ouch! That really hurt!
You die...
Your body crumbles into a pile of gold.

## #.# #.# #<#.#...##.#
.# #.# #.#.#..........#
.# #.# #.#.#.#.#.#.####
.# #.# #.#.#.#.#.#
)#######.# #.#.#.#.#.#
# )........#
#.#.#.#.#.#.#
############.#.#.#.....
. .........#.#.#.#.#...
...........r@O....>..
.#####
...........#..ยง......
....$O
###....####b..5###.##
###### ..............+
###....####....# #....
#....# #.... #....# ###
.....# ......#


You could see a two-headed ogre (ally target), a friendly cerulean imp
(summoned), a friendly bat (summoned) and a friendly rat (summoned).

Vanquished Creatures
  2 phantoms
  A scorpion (D:6)
  An adder (D:2)
  A ball python (D:3)
  An endoplasm (D:3)
  A giant cockroach (D:2)
  A jackal (D:2)
  A bat (D:1)
  4 goblins
  2 kobolds
  2 rats (D:1)
17 creatures vanquished.

Vanquished Creatures (collateral kills)
  Pikel (D:6)
  Prince Ribbit (D:6)
  A yak (D:4)
  Duvessa (D:6)
  A sky beast (D:6)
  An ice beast (D:5)
  An orc warrior (D:6)
  2 ogres
  A lemure (D:6)
  A phantom (D:5)
  2 scorpions
  Dowan (D:6)
  5 hounds
  2 sleepcaps (D:6)
  An orc priest (D:4)
  2 jellies
  A gnoll bouda (D:6)
  3 iguanas
  6 orc wizards
  3 gnolls (D:6)
  8 adders
  A shadow imp (D:5)
  2 ufetubi (D:5)
  A ribbon worm (D:4)
  4 dart slugs
  29 orcs
  4 endoplasms
  3 giant cockroaches
  14 goblins
  8 hobgoblins
  3 jackals (D:2)
  8 kobolds
  3 quokkas
  5 ball pythons
  2 bats (D:2)
  3 frilled lizards
  3 rats
138 creatures vanquished.

Grand Total: 155 creatures vanquished

Notes
Turn   | Place    | Note
-------+----------+-------------------------------------------
     0 | D:1      | Killerpretzel the Felid Summoner began the quest for the
                  | Orb.
     0 | D:1      | Reached XP level 1. HP: 9/9 MP: 4/4
    81 | D:1      | Reached skill level 3 in Stealth
   143 | D:1      | Reached XP level 2. HP: 13/13 MP: 3/6
   520 | D:1      | Found a faded altar of an unknown god.
   635 | D:2      | Reached XP level 3. HP: 16/16 MP: 5/7
   638 | D:2      | Learned a level 2 spell: Call Imp
  1226 | D:2      | Reached XP level 4. HP: 21/21 MP: 2/8
  1226 | D:2      | Gained a life (2 lives remaining)
  1725 | D:3      | Found a bloodstained altar of Trog.
  1778 | D:3      | Found an opulent altar of Gozag.
  1799 | D:3      | Became a worshipper of Gozag Ym Sagoz the Greedy
  2145 | D:3      | Found a shimmering altar of Xom.
  2163 | D:3      | Reached skill level 4 in Stealth
  2687 | D:3      | Noticed an ogre
  2962 | D:4      | Noticed a scorpion
  3035 | D:4      | Noticed a phantom
  3041 | D:3      | Slain by an orc wizard
  3041 | D:3      | Lost a life (1 life remaining)
  3070 | D:3      | Reached XP level 5. HP: 7/24 MP: 6/10
  3265 | D:5      | Entered Level 5 of the Dungeon
  3523 | D:5      | Noticed an ogre
  3537 | D:5      | Killed an ogre
  3538 | D:5      | Reached skill level 5 in Summonings
  3672 | D:5      | Reached skill level 5 in Stealth
  3672 | D:5      | Gained mutation: You are covered in thick fur. (AC +2)
                  | [Felid growth]
  3672 | D:5      | Reached XP level 6. HP: 28/28 MP: 4/11
  3911 | D:5      | Found a sand-covered staircase.
  3966 | D:5      | Reached skill level 5 in Dodging
  4326 | D:5      | Found an ornate altar of the Wu Jian Council.
  4445 | D:5      | Noticed an ice beast
  4486 | D:5      | Killed an ice beast
  4487 | D:5      | Reached XP level 7. HP: 32/32 MP: 5/13
  4487 | D:5      | Gained a life (2 lives remaining)
  4744 | D:5      | Identified the +8 quarterstaff of Eternal Vigilance
                  | {antimagic, Int+2}
  4947 | D:5      | Reached skill level 6 in Stealth
  5209 | D:5      | Found a runed translucent door.
  5210 | D:5      | Noticed Crazy Yiuf
  5465 | D:4      | HP: 1/32 [orc priest/+0 hand axe (3)]
  5465 | D:4      | Slain by an orc
  5465 | D:4      | Lost a life (1 life remaining)
  5474 | D:4      | Found a staircase to the Ecumenical Temple.
  5556 | D:4      | Learned a level 3 spell: Call Canine Familiar
  6044 | D:4      | Noticed a yak
  6096 | D:4      | Killed a yak
  6097 | D:4      | Reached skill level 7 in Stealth
  6097 | D:4      | Reached XP level 8. HP: 36/36 MP: 13/16
  6843 | D:6      | Reached skill level 5 in Spellcasting
  7081 | D:6      | Found a broken altar of Ashenzari.
  7085 | D:6      | Saw a vision of the Swamp and the Spider Nest.
  7085 | D:6      | Noticed a culicivora
  7085 | D:6      | Noticed a spriggan rider
  7085 | D:6      | Noticed a tarantella
  7085 | D:6      | Noticed a tarantella
  7085 | D:6      | Noticed a boulder beetle
  7085 | D:6      | Noticed a four-headed hydra
  7085 | D:6      | Noticed an eleionoma
  7085 | D:6      | Noticed a wolf spider
  7085 | D:6      | Noticed a jumping spider
  7085 | D:6      | Noticed an alligator
  7086 | D:6      | Noticed a torpor snail
  7087 | D:6      | Noticed a pharaoh ant
  7089 | D:6      | Noticed an emperor scorpion
  7096 | D:6      | Noticed Pikel
  7475 | D:6      | Noticed Duvessa
  7478 | D:6      | Noticed Dowan
  7519 | D:6      | Killed Duvessa
  7530 | D:6      | Killed Dowan
  7531 | D:6      | Reached skill level 8 in Stealth
  7660 | D:6      | Noticed Prince Ribbit
  7674 | D:6      | Killed Prince Ribbit
  7749 | D:6      | Slain by an ogre
  7749 | D:6      | Lost a life (0 lives remaining)
  7872 | D:6      | Killed Pikel
  7873 | D:6      | Reached XP level 9. HP: 30/39 MP: 9/19
  8551 | D:6      | Reached skill level 9 in Stealth
  8744 | D:7      | Noticed a two-headed ogre
  9040 | D:7      | Demolished by a two-headed ogre

Illustrated notes

Levels and vault maps discovered:
D:1:      evilmike_arrival_plus, layout_rooms, hellmonk_ecumenical_altar_blasted
D:2:      layout_basic
D:3:      minmay_angry_zag, layout_basic, nicolae_gozag_seed_capital,
          bloody_trog, mainiacjoe_overflow_paths, minmay_ogre_servants
D:4:      layout_cave_pools, minmay_temple_entry_wispy, minmay_manual_monstrance
D:5:      layout_layer_cave, nzn_wu_jian_contemplation, enter_ossuary_1,
          uniq_crazy_yiuf_cottage
D:6:      layout_basic, grunt_ashenzari_visionary
          [grunt_ashenzari_visionary_swamp, grunt_ashenzari_visionary_spider],
          uniq_prince_ribbit1, uniq_duvessa, uniq_pikel
D:7:      layout_basic

Skill      XL: |  1  2  3  4  5  6  7  8  9 |
---------------+----------------------------+-----
Dodging        | 3 4 5 6 8 |  8.4
Stealth        | 3 4 5 7 8 9 |  9.1
Spellcasting   | 3 4 6 |  6.8
Summonings     | 5 6 7 |  7.3

Action                     |  1- 3 |  4- 6 |  7- 9 || total
---------------------------+-------+-------+-------++-------
  Melee: Unarmed           |    48 |    42 |    37 ||   127
         Bite              |     3 |     4 |     2 ||     9
         Punch             |       |     1 |       ||     1
   Cast: Summon Small Mamm |    36 |    75 |   138 ||   249
         Call Imp          |     9 |    39 |    72 ||   120
         Call Canine Famil |       |       |    42 ||    42
 Invoke: Call Merchant     |       |       |     1 ||     1
    Use: Scroll            |     3 |       |     4 ||     7
   Stab: Sleeping          |     1 |     1 |       ||     2
         Distracted        |       |       |     2 ||     2
 Armour: Skin              |    28 |    30 |    38 ||    96
  Dodge: Dodged            |    99 |    72 |   126 ||   297
